 Dungeon Crawl Stone Soup version 0.23.2-1-ga50397a6bc (webtiles) character file.

Game seed: 1017704258004438148

77221 Morbidden the Eclecticist (level 15, -11/90 HPs)
             Began as a Deep Elf Summoner on Apr 20, 2019.
             Was a High Priest of Vehumet.
             Killed from afar by an efreet (16 damage)
             ... with a fireball
             ... on level 15 of the Dungeon on Apr 23, 2019.
             The game lasted 02:39:27 (30221 turns).

Morbidden the Eclecticist (Deep Elf Summoner)      Turns: 30221, Time: 02:39:27

Health: -11/90     AC: 14    Str: 19    XL:     15   Next: 14%
Magic:  27/47      EV: 20    Int: 35    God:    Vehumet [*****.]
Gold:   1345       SH:  5    Dex: 20    Spells: 5/48 levels left

rFire    + . .     SeeInvis .   W - +6 great sword of the Well-Known Yaks {slice, *Noise MP+9 Str+2}
rCold    + . .     Gourm    .   (shield currently unavailable)
rNeg     . . .     Faith    .   O - +5 leather armour of Qucrojeu {rElec Dex+2 Stlth-}
rPois    .         Spirit   .   (no helmet)
rElec    +         Reflect  +   e - scarf {rC+ rF+}
rCorr    .         Harm     .   B - +4 pair of gloves of Hide-and-Seek {Str+3 Int+4}
MR       +....                  k - +0 pair of boots
Stlth    ++........             w - +5 amulet of reflection
HPRegen  0.25/turn              Q - +5 ring of strength
MPRegen  0.30/turn              S - ring "Qedgh" {Str+4 Int+4 Dex+3}

@: no status effects
A: no striking features
a: Renounce Religion


You were on level 15 of the Dungeon.
You worshipped Vehumet.
Vehumet was extremely pleased with you.
You were very hungry.

You visited 3 branches of the dungeon, and saw 21 of its levels.
You also visited: Gauntlet and Ice Cave.

You collected 1620 gold pieces.
You spent 275 gold pieces at shops.

Inventory:

Hand Weapons
 s - a +3 scimitar of flaming
 W - the +6 great sword of the Well-Known Yaks (weapon) {slice, *Noise MP+9 Str+2}
   (You found it on level 15 of the Dungeon)

   It inflicts extra damage upon your enemies.
   It affects your strength (+2).
   It affects your magic capacity (+9).
   It may make noises in combat.
Missiles
 g - 14 javelins
 n - a throwing net (quivered)
Armour
 a - the +7 leather armour "Yrphyduo" {rC+ Stlth+}
   (You found it in an ice cave)

   It protects you from cold.
   It makes you more stealthy.
 e - a scarf of resistance (worn)
 k - a +0 pair of boots (worn)
 u - a +3 scale mail of poison resistance
 B - the +4 pair of gloves of Hide-and-Seek (worn) {Str+3 Int+4}
   (You bought it in a shop on level 7 of the Dungeon)

   It affects your strength (+3).
   It affects your intelligence (+4).
 O - the +5 leather armour of Qucrojeu (worn) {rElec Dex+2 Stlth-}
   (You found it on level 11 of the Dungeon)

   It affects your dexterity (+2).
   It insulates you from electricity.
   It makes you less stealthy.
 T - a +0 shield
Jewellery
 p - an uncursed ring of ice
 r - an uncursed ring of fire
 w - a +5 amulet of reflection (around neck)
 A - the ring of Folid {rElec Stlth-}
   (You found it on level 5 of the Dungeon)

   [ring of attention]

   It insulates you from electricity.
   It makes you less stealthy.
 P - an uncursed ring of protection from cold
 Q - a +5 ring of strength (left hand)
 S - the ring "Qedgh" (right hand) {Str+4 Int+4 Dex+3}
   (You found it in a Gauntlet)

   [ring of dexterity]

   It affects your strength (+4).
   It affects your intelligence (+4).
   It affects your dexterity (+3).
Wands
 l - a wand of clouds (4)
 t - a wand of enslavement (27)
 z - a wand of disintegration (22)
 E - a wand of paralysis (22)
 K - a wand of digging (4)
 L - a wand of iceblast (30)
 N - a wand of acid (41)
 X - a wand of flame (29)
Scrolls
 f - 2 scrolls of fog
 h - 3 scrolls of remove curse
 q - a scroll of teleportation
 v - 3 scrolls of enchant weapon
 y - 4 scrolls of enchant armour
 C - 2 scrolls of amnesia
 D - 2 scrolls of fear
 J - 3 scrolls of identify
 M - 3 scrolls of magic mapping
 U - a scroll of blinking
 Z - a scroll of brand weapon
Potions
 b - 3 potions of berserk rage
 i - 5 potions of agility
 j - a potion of magic
 m - 2 potions of curing
 o - a potion of lignification
 F - a potion of flight
 G - a potion of ambrosia
 H - 4 potions of brilliance
 I - 3 potions of cancellation
 R - 2 potions of might
 V - a potion of haste
Miscellaneous
 d - a box of beasts
 x - a lamp of fire
 Y - a phial of floods (inert)
Comestibles
 c - 37 rations


   Skills:
 * Level 9.3 Fighting
   Level 3.2(3.6) Short Blades
 + Level 2.1(2.9) Long Blades
 + Level 3.4 Armour
 * Level 9.9 Dodging
 + Level 4.4 Stealth
 + Level 1.2 Shields
 + Level 17.1 Spellcasting
 * Level 10.7 Conjurations
 + Level 13.2 Summonings
 + Level 9.6 Ice Magic
 + Level 4.4 Air Magic
 + Level 0.8 Evocations


You had 5 spell levels left.
You knew the following spells:

 Your Spells              Type           Power        Failure   Level  Hunger
a - Throw Icicle          Conj/Ice       #######.     1%          4    None
b - Call Imp              Summ           #######.     0%          2    None
c - Call Canine Familiar  Summ           #######.     1%          3    None
d - Summon Ice Beast      Ice/Summ       #######.     1%          4    None
e - Freeze                Ice            ####         1%          1    None
f - Summon Lightning Spi  Summ/Air       #######.     1%          4    None
g - Lightning Bolt        Conj/Air       ######....   1%          5    None
h - Summon Small Mammal   Summ           ####         0%          1    None
i - Freezing Cloud        Conj/Ice/Air   ######....   1%          6    None
j - Orb of Destruction    Conj           #######...   4%          7    ###....
k - Ozocubu's Refrigerat  Ice            #######...   1%          6    None

Your spell library contained the following spells:

 Spells                   Type           Power        Failure   Level  Hunger
 Magic Dart               Conj           ####         0%          1    None
 Animate Skeleton         Necr           N/A          1%          1    None
 Apportation              Tloc           ####..       1%          1    None
 Confusing Touch          Hex            ####..       1%          1    None
 Corona                   Hex            ####...      1%          1    None
 Infusion                 Chrm           ####         1%          1    None
 Pain                     Necr           ####         1%          1    None
 Sting                    Conj/Pois      ####         1%          1    None
 Ensorcelled Hibernation  Hex/Ice        ######       1%          2    None
 Poisonous Vapours        Pois/Air       #####.       1%          2    None
 Searing Ray              Conj           ######       1%          2    None
 Shroud of Golubria       Chrm/Tloc      ####......   1%          2    None
 Song of Slaying          Chrm           ####....     1%          2    None
 Dazzling Spray           Conj/Hex       ######       1%          3    None
 Mephitic Cloud           Conj/Pois/Air  ######..     1%          3    None
 Recall                   Summ/Tloc      N/A          1%          3    None
 Summon Guardian Golem    Hex/Summ       ######..     1%          3    None
 Force Lance              Conj/Tloc      ######..     1%          4    None
 Fulminant Prism          Conj/Hex       ######....   1%          4    None
 Ice Form                 Ice/Tmut       ######..     1%          4    None
 Iskenderun's Mystic Bla  Conj           #######.     1%          4    None
 Venom Bolt               Conj/Pois      ######....   1%          5    None
 Confuse                  Hex            ####....     4%          3    None
 Regeneration             Chrm/Necr      ####......   4%          3    None
 Spectral Weapon          Hex/Chrm       ####....     4%          3    None
 Tukima's Dance           Hex            ####....     4%          3    None
 Vampiric Draining        Necr           ####......   4%          3    None
 Olgreb's Toxic Radiance  Pois           ####....     4%          4    None
 Metabolic Englaciation   Hex/Ice        ######....   5%          5    None
 Animate Dead             Necr           N/A          14%         4    None
 Borgnjor's Vile Clutch   Necr/Erth      ####......   36%         5    None
 Bolt of Cold             Conj/Ice       #######...   1%          6    None
 Simulacrum               Ice/Necr       ######....   28%         6    None
 Death Channel            Necr           ####......   91%         6    None


Dungeon Overview and Level Annotations

Branches:
Dungeon (13/15)            Temple (1/1) D:7            Lair (6/6) D:11
  Swamp (0/4) Lair:2       Spider (0/4) Lair:4        Slime (0/5) Lair:6
    Orc (0/2) D:12         Vaults (0/5) D:13         Depths (0/5) D:15

Altars:
Dithmenos
Elyvilon
Fedhas
Hepliaklqana
Makhleb
Ru
Trog
Vehumet
Xom
Zin
Jiyva

Shops:
D:7 [}*   D:9 %(*}   D:10 }

Annotations:
D:5 1 runed translucent door, Tutankhamun's ghost, novice DrCK


Message History

The vampire knight is engulfed in freezing vapours.
The vampire knight throws a stone.
The stone hits you!!
The efreet hits you with a +3 scimitar of flaming!!
* * * LOW HITPOINT WARNING * * *
The efreet burns you.
* * * LOW HITPOINT WARNING * * *
The vampire knight throws a stone.
The stone completely misses you.
You hear an angry buzzing noise.
You are too injured to fight recklessly!
Unknown command.
Unknown command.
Unknown command.
Unknown command.
You swap places.
The vampire knight throws a stone.
The stone hits you!
* * * LOW HITPOINT WARNING * * *
The efreet gestures at you.
The fireball explodes!
The fireball engulfs your warg!
The fireball engulfs the efreet.
The efreet completely resists.
The fireball engulfs you! You resist.
You die...

#§V§##.. .$≈##.<..#...
#§§§.###.## .(≈##..<...#.
#§§V.#..V## .$§##........
#≈≈§gC...§§##§$≈ #########
##≈(c##.$.§...# ## #
#≈≈$.###....('## §≈§ #
##≈§.. ##...'#.##?.. #
§§$.#.##..Y#.#'...# . ≈##
##§§§§○Rh@Y#.#'....#..(§##
≈≈§§§$[(##.#'......##§§ #
#≈§≈§≈§§###'..<....... #
########≈##.....#'#'## #
##########§.....###.#.####
##.......##≈.)...(#.....)#.
#.....>..##§%##..#(((...#(#
##...<.<.##≈§h.#.'#..8...#(
##......##§§Y.#.#.÷..⌠.#'#


You could see a vampire knight, an efreet, a +0 battleaxe of chopping, a
friendly warg and 2 friendly ice beasts.

Vanquished Creatures
  A storm dragon (D:15)
  A frost giant (IceCv)
  Josephine (Lair:5)
  A great orb of eyes (shapeshifter) (D:15)
  4 hydras (Lair:6)
  3 vault guards (D:13)
  2 catoblepae
  4 centaur warriors (D:15)
  A two-headed ogre (D:13)
  2 ogre magi (D:15)
  2 death yaks
  2 tengu warriors (D:15)
  Sonja (D:13)
  A wizard (D:15)
  2 lindwurms (Lair:6)
  A deep elf archer (D:15)
  2 wolf spider zombies (D:15)
  5 manticores
  An ugly thing (D:15)
  An orc sorcerer (D:15)
  4 cyclopes (D:15)
  4 elephants
  An ice statue (IceCv)
  2 black mambas
  8 spiny frogs
  3 kobold demonologists
  3 rime drakes
  A torpor snail (Lair:6)
  6 komodo dragons
  A yaktaur (shapeshifter) (D:15)
  A queen bee (Lair:2)
  5 trolls
  11 polar bears (IceCv)
  8 blink frogs
  3 bog bodies (Lair:2)
  2 slime creatures
  A meliai zombie (D:15)
  6 hippogriffs
  A redback (D:15)
  2 shadows
  2 wyverns
  27 yaks
  A basilisk (shapeshifter) (D:15)
  2 basilisks
  A spriggan (shapeshifter) (D:15)
  A steam dragon (D:13)
  3 fire elementals (D:13)
  2 acid dragons
  6 porcupines
  3 hell hounds (D:13)
  10 water moccasins
  A sky beast (D:13)
  An ice beast (D:9)
  An ogre (D:13)
  14 wolves
  A boggart (D:15)
  5 centaurs (D:12)
  6 crocodiles
  7 bullfrogs
  A gnoll sergeant (D:9)
  A small abomination (Gauntlet)
  A scorpion (D:13)
  11 killer bees
  A wight (D:15)
  2 howler monkeys
  2 electric eels
  4 crimson imps
  A bullfrog zombie (D:12)
  2 bullfrog skeletons
  2 jellies (D:12)
  2 hounds (D:9)
  Ijyb (D:3)
  An orc wizard (D:11)
  A worker ant (D:5)
  4 adders
  2 shadow imps
  An ooze (D:3)
  An adder skeleton (D:9)
  A worm (D:4)
  A dart slug (D:2)
  4 orcs
  2 giant cockroaches
  2 goblins (D:3)
  A jackal (D:7)
  2 quokkas
  A bat (D:3)
  A frilled lizard (D:2)
  A kobold (D:3)
  3 rats
  A butterfly (Lair:5)
  9 fungi
  6 plants
281 creatures vanquished.

Vanquished Creatures (collateral kills)
  Azrael (D:13)
  A dire elephant (Lair:6)
  A minotaur (Gauntlet)
  Erolcha (D:12)
  5 hydras
  A vault guard (D:13)
  Fannar (D:10)
  Erica (D:8)
  An ogre mage (D:15)
  3 two-headed ogres
  3 death yaks (Lair:3)
  2 unseen horrors
  A large abomination (Gauntlet)
  5 ugly things
  2 moths of wrath (Gauntlet)
  4 elephants
  2 cyclopes
  2 black mambas (Lair:6)
  A gargoyle (D:15)
  5 spiny frogs
  2 komodo dragons
  A rime drake (Lair:6)
  4 trolls
  6 polar bears
  A bog body (Lair:2)
  A hornet (D:10)
  A slime creature (D:9)
  11 blink frogs
  8 hippogriffs
  Sigmund (D:3)
  2 redbacks (Gauntlet)
  A shadow (D:15)
  3 wyverns
  3 wraiths (Lair:5)
  37 yaks
  2 basilisks
  2 swamp worms (Lair:2)
  4 water moccasins
  3 porcupines
  Duvessa (D:6)
  A swamp drake (D:12)
  3 ice beasts
  8 orc warriors
  A necrophage (D:11)
  4 black bears
  4 sky beasts
  2 small abominations (Gauntlet)
  14 ogres
  A phantom (D:9)
  11 wolves
  8 centaurs
  3 crocodiles
  10 bullfrogs
  A gnoll sergeant (D:4)
  A water moccasin zombie (D:7)
  Dowan (D:6)
  17 killer bees
  A howler monkey (D:10)
  A crimson imp (D:10)
  5 centaur skeletons
  A bullfrog zombie (D:5)
  4 jellies
  A quasit (D:7)
  2 centaur zombies
  3 bullfrog skeletons
  4 hounds
  7 orc priests
  3 iguanas
  16 orc wizards
  6 worker ants
  A hound zombie (D:7)
  A howler monkey zombie (D:10)
  A worker ant zombie (D:5)
  6 gnolls
  11 adders
  5 shadow imps
  8 oozes
  An adder skeleton (D:6)
  2 dart slugs
  4 leopard geckos
  54 orcs
  7 giant cockroaches
  18 goblins
  12 hobgoblins
  9 jackals
  8 kobolds
  3 quokkas
  A ball python (D:2)
  8 bats
  6 frilled lizards
  A quokka skeleton (D:7)
  5 rats
  A fungus (Lair:6)
  2 plants (Lair:5)
456 creatures vanquished.

Vanquished Creatures (others)
  A centaur warrior (D:15)
  A hippogriff (D:15)
  A hungry ghost (D:15)
  30 fungi
  29 plants
62 creatures vanquished.

Grand Total: 799 creatures vanquished

Notes
Turn   | Place    | Note
-------+----------+-------------------------------------------
     0 | D:1      | Morbidden the Deep Elf Summoner began the quest for the
                  | Orb.
     0 | D:1      | Reached XP level 1. HP: 10/10 MP: 6/6
   137 | D:1      | Reached XP level 2. HP: 15/15 MP: 8/8
   141 | D:1      | Learned a level 2 spell: Call Imp
  1418 | D:2      | Reached XP level 3. HP: 17/19 MP: 5/10
  1455 | D:2      | Reached skill level 5 in Summonings
  1756 | D:2      | Learned a level 3 spell: Call Canine Familiar
  1831 | D:2      | Found a shimmering altar of Xom.
  2075 | D:3      | Found a shadowy altar of Dithmenos.
  2123 | D:3      | Reached skill level 4 in Spellcasting
  2133 | D:3      | Found a glowing silver altar of Zin.
  2189 | D:3      | Reached XP level 4. HP: 21/24 MP: 7/12
  2400 | D:3      | Reached skill level 1 in Fighting
  2879 | D:3      | Noticed Sigmund
  2894 | D:3      | Killed Sigmund
  2894 | D:3      | Reached XP level 5. HP: 29/29 MP: 8/14
  2905 | D:3      | Learned a level 4 spell: Summon Ice Beast
  3568 | D:3      | Noticed Ijyb
  3583 | D:3      | Reached skill level 5 in Spellcasting
  3592 | D:3      | Killed Ijyb
  4072 | D:4      | Noticed an ogre
  4252 | D:4      | Killed an ogre
  4252 | D:4      | Reached XP level 6. HP: 34/34 MP: 6/16
  4400 | D:4      | Reached skill level 6 in Spellcasting
  4689 | D:4      | Found a sacrificial altar of Ru.
  4923 | D:5      | Entered Level 5 of the Dungeon
  5298 | D:5      | Reached skill level 1 in Ice Magic
  5335 | D:5      | Noticed a sky beast
  5341 | D:5      | Killed a sky beast
  5341 | D:5      | Reached XP level 7. HP: 39/39 MP: 19/19
  5366 | D:5      | Got a faintly glowing glass ring
  5535 | D:5      | Reached skill level 7 in Spellcasting
  6353 | D:5      | Found a runed translucent door.
  6366 | D:5      | Noticed Tutankhamun's ghost (novice DrCK)
  6557 | D:6      | Reached skill level 1 in Armour
  6587 | D:6      | Noticed a two-headed ogre
  6624 | D:6      | Reached XP level 8. HP: 22/45 MP: 4/21
  6813 | D:6      | Killed a two-headed ogre
  6813 | D:6      | Reached skill level 8 in Spellcasting
  6824 | D:6      | Found a sacrificial altar of Ru.
  6951 | D:6      | Noticed Dowan
  6965 | D:6      | Killed Dowan
  6980 | D:6      | Noticed Duvessa
  6994 | D:6      | Killed Duvessa
  7261 | D:7      | Found a blossoming altar of Fedhas.
  7314 | D:7      | Reached skill level 1 in Short Blades
  7331 | D:7      | Reached skill level 9 in Spellcasting
  7332 | D:7      | Noticed a hippogriff
  7346 | D:7      | Killed a hippogriff
  7400 | D:7      | Found Tobruhet's Antique Armour Shoppe.
  7411 | D:7      | Found a staircase to the Ecumenical Temple.
  7457 | D:7      | Found Sulysith's Gadget Shoppe.
  7532 | Temple   | Entered the Ecumenical Temple
  7570 | Temple   | Became a worshipper of Vehumet
  7633 | D:7      | Identified the ring of Folid {rElec Stlth-} (You found it
                  | on level 5 of the Dungeon)
  7722 | D:7      | Reached XP level 9. HP: 51/51 MP: 12/24
  7982 | D:7      | Found Nowosh's Assorted Antiques.
  7987 | D:7      | Bought a pair of jewelled gloves for 275 gold pieces
  7992 | D:7      | Identified the +4 pair of gloves of Hide-and-Seek {Str+3
                  | Int+4} (You bought it in a shop on level 7 of the Dungeon)
  8204 | D:8      | Noticed Erica
  8221 | D:8      | Killed Erica
  8276 | D:8      | You fall through a shaft!
  8276 | D:9      | Found Efoubb's General Store.
  8293 | D:9      | Reached skill level 10 in Spellcasting
  8295 | D:9      | Noticed a green ugly thing
  8301 | D:9      | Noticed a troll
  8302 | D:9      | Noticed a troll
  8311 | D:9      | Found Askoydgh's Gadget Shoppe.
  8359 | D:9      | Killed a troll
  8419 | D:9      | Killed a troll
  8891 | D:9      | Reached * piety under Vehumet
  8891 | D:9      | Offered knowledge of Freeze by Vehumet.
  8891 | D:9      | Reached skill level 5 in Ice Magic
  8939 | D:9      | Noticed a cyclops
  8941 | D:9      | Learned a level 1 spell: Freeze
  8953 | D:9      | Killed a cyclops
  8987 | D:9      | Found Jatzogg's Food Boutique.
  9016 | D:9      | Reached skill level 11 in Spellcasting
  9363 | D:9      | Learned a level 4 spell: Summon Lightning Spire
  9399 | D:9      | Reached XP level 10. HP: 47/57 MP: 14/27
  9543 | D:9      | Found Ilih's Weapon Shoppe.
  9582 | D:9      | Killed an unseen horror
  9604 | D:9      | Noticed a purple ugly thing
  9604 | D:9      | Noticed a purple ugly thing
  9612 | D:9      | Killed a purple ugly thing
  9616 | D:9      | Killed a green ugly thing
  9616 | D:9      | Reached skill level 10 in Summonings
  9622 | D:9      | Killed a white ugly thing
 10031 | D:9      | Found a shimmering altar of Xom.
 10031 | D:9      | Found a shimmering altar of Xom.
 10032 | D:9      | Found a shimmering altar of Xom.
 10032 | D:9      | Found a shimmering altar of Xom.
 10033 | D:9      | Found a shimmering altar of Xom.
 10033 | D:9      | Found a shimmering altar of Xom.
 10034 | D:9      | Found a shimmering altar of Xom.
 10461 | D:8      | Reached ** piety under Vehumet
 10461 | D:8      | Offered knowledge of Throw Frost by Vehumet.
 11072 | D:10     | Entered Level 10 of the Dungeon
 11119 | D:10     | Found Vuzxumaf's Gadget Emporium.
 11130 | D:10     | Learned a level 2 spell: Throw Frost
 11176 | D:10     | Reached skill level 12 in Spellcasting
 11285 | D:10     | Noticed a two-headed ogre
 11333 | D:10     | Noticed Fannar
 11512 | D:10     | HP: 2/58 [Fannar/refrigeration (22)]
 11643 | D:11     | Reached skill level 5 in Fighting
 11643 | D:11     | Reached skill level 1 in Conjurations
 11913 | D:11     | Found a staircase to the Lair.
 11973 | D:11     | Offered knowledge of Static Discharge by Vehumet.
 12221 | D:11     | Noticed a six-headed hydra
 12230 | D:11     | Killed a six-headed hydra
 12230 | D:11     | Reached *** piety under Vehumet
 12445 | D:11     | Reached XP level 11. HP: 64/64 MP: 10/29
 12531 | D:11     | Identified the +5 leather armour of Qucrojeu {rElec Dex+2
                  | Stlth-} (You found it on level 11 of the Dungeon)
 12616 | D:11     | Offered knowledge of Throw Icicle by Vehumet.
 12938 | D:10     | Killed Fannar
 13002 | D:10     | Killed a two-headed ogre
 13002 | D:10     | Reached skill level 13 in Spellcasting
 13324 | D:11     | Learned a level 4 spell: Throw Icicle
 13358 | D:12     | Found a gate leading to a gauntlet.
 13387 | Gauntlet | Entered a Gauntlet
 13387 | Gauntlet | Found a transporter.
 13387 | Gauntlet | Found a transporter.
 13391 | Gauntlet | Found a transporter.
 13391 | Gauntlet | Found a transporter.
 13405 | Gauntlet | Found a transporter.
 13405 | Gauntlet | Noticed a large abomination
 13412 | Gauntlet | Found a transporter.
 13422 | Gauntlet | Found a transporter.
 13422 | Gauntlet | Found a transporter.
 13422 | Gauntlet | Noticed a death drake
 13434 | Gauntlet | Found a transporter.
 13441 | Gauntlet | Found a transporter.
 13453 | Gauntlet | Found a transporter.
 13471 | Gauntlet | Found a transporter.
 13474 | Gauntlet | Noticed a sixfirhy
 13517 | Gauntlet | Found a transporter.
 13541 | Gauntlet | Found a transporter.
 13636 | Gauntlet | Found a transporter.
 13654 | Gauntlet | Found a transporter.
 14034 | Gauntlet | Paralysed by fainting for 7 turns
 14051 | Gauntlet | Paralysed by fainting for 8 turns
 14066 | Gauntlet | Paralysed by fainting for 10 turns
 14217 | Gauntlet | Killed a large abomination
 14247 | Gauntlet | Got a clouded bone ring
 14248 | Gauntlet | Identified the ring "Qedgh" {Str+4 Int+4 Dex+3} (You found
                  | it in a Gauntlet)
 14533 | Gauntlet | Reached **** piety under Vehumet
 14673 | Gauntlet | HP: 2/64 [redback (22)]
 14846 | Gauntlet | Noticed a minotaur
 15152 | Gauntlet | Killed a minotaur
 15286 | D:12     | Offered knowledge of Lightning Bolt by Vehumet.
 15327 | D:12     | Noticed Erolcha
 15350 | D:12     | Killed Erolcha
 15350 | D:12     | Reached skill level 1 in Air Magic
 15574 | D:12     | Found a viscous altar of Jiyva.
 15678 | D:12     | Learned a level 5 spell: Lightning Bolt
 15689 | D:12     | Noticed a two-headed ogre
 15697 | D:12     | Killed a two-headed ogre
 15697 | D:12     | Reached skill level 5 in Conjurations
 15779 | D:12     | Noticed a cyan ugly thing
 15786 | D:12     | Killed a cyan ugly thing
 15957 | D:12     | Reached ***** piety under Vehumet
 15958 | D:12     | Offered knowledge of Bolt of Fire by Vehumet.
 16475 | D:12     | Found a staircase to the Orcish Mines.
 16672 | Lair:1   | Entered Level 1 of the Lair of Beasts
 16672 | Lair:1   | Noticed a six-headed hydra
 16688 | Lair:1   | Reached skill level 5 in Dodging
 16717 | Lair:1   | Found a frozen archway.
 16723 | IceCv    | Entered an ice cave
 16995 | IceCv    | Reached XP level 12. HP: 71/71 MP: 13/31
 17145 | IceCv    | Noticed a death yak
 17212 | IceCv    | Killed a death yak
 17386 | IceCv    | Reached skill level 14 in Spellcasting
 17876 | IceCv    | Got a bronze leather armour
 17877 | IceCv    | Identified the +7 leather armour "Yrphyduo" {rC+ Stlth+}
                  | (You found it in an ice cave)
 18621 | IceCv    | Noticed a frost giant
 18629 | IceCv    | Killed a frost giant
 18631 | IceCv    | Offered knowledge of Freezing Cloud by Vehumet.
 18906 | IceCv    | Got an ominously black robe
 18908 | IceCv    | Identified the +1 robe of the Nightingale {rF+ Str+4} (You
                  | found it in an ice cave)
 18925 | IceCv    | Learned a level 6 spell: Freezing Cloud
 18936 | Lair:1   | Killed a six-headed hydra
 19693 | Lair:1   | Reached skill level 15 in Spellcasting
 20381 | Lair:2   | Reached XP level 13. HP: 68/76 MP: 23/34
 20846 | Lair:2   | Found a staircase to the Swamp.
 21985 | Lair:4   | Found a hole to the Spider Nest.
 22911 | Lair:5   | Noticed Josephine
 22918 | Lair:5   | Killed Josephine
 22933 | Lair:5   | Offered knowledge of Iskenderun's Battlesphere by Vehumet.
 23950 | Lair:6   | Entered Level 6 of the Lair of Beasts
 24035 | Lair:6   | Found a staircase to the Slime Pits.
 24035 | Lair:6   | Found a viscous altar of Jiyva.
 24626 | Lair:6   | Noticed a dire elephant
 25042 | Lair:6   | Reached skill level 16 in Spellcasting
 25046 | Lair:6   | Killed a dire elephant
 25458 | Lair:6   | Reached XP level 14. HP: 84/84 MP: 23/36
 25749 | Lair:6   | Offered knowledge of Orb of Destruction by Vehumet.
 25848 | Lair:6   | Learned a level 7 spell: Orb of Destruction
 27093 | D:13     | Found a gate to the Vaults.
 27194 | D:13     | Noticed Azrael
 27207 | D:13     | Killed Azrael
 27415 | D:13     | Noticed Sonja
 27428 | D:13     | Killed Sonja
 27851 | D:13     | You fall through a shaft for 2 floors!
 27851 | D:15     | Entered Level 15 of the Dungeon
 27985 | D:15     | Found a staircase to the Depths.
 28078 | D:15     | Found a hazy altar of Hepliaklqana.
 28078 | D:15     | Found a sacrificial altar of Ru.
 28079 | D:15     | Found a glowing silver altar of Zin.
 28223 | D:15     | Reached skill level 1 in Long Blades
 28403 | D:15     | Reached skill level 1 in Shields
 28487 | D:15     | Reached skill level 10 in Conjurations
 28627 | D:15     | Noticed a storm dragon
 28646 | D:15     | Killed a storm dragon
 29078 | D:15     | Noticed a stone giant
 29101 | D:15     | Noticed a vampire knight
 29102 | D:15     | Noticed a stone giant
 29105 | D:15     | Got an ivory great sword
 29287 | D:15     | Identified the +6 great sword of the Well-Known Yaks
                  | {slice, *Noise MP+9 Str+2} (You found it on level 15 of the
                  | Dungeon)
 29590 | D:15     | Reached XP level 15. HP: 90/90 MP: 4/37
 29882 | D:15     | Reached skill level 17 in Spellcasting
 29918 | D:15     | Learned a level 6 spell: Ozocubu's Refrigeration
 29930 | D:15     | Identified the +6 great mace of the Fortune-Teller {elec,
                  | Fragile +Rage Str+5 Dex+2}
 30221 | D:15     | Killed from afar by an efreet

Skill      XL: |  1  2  3  4  5  6  7  8  9 10 11 12 13 14 15 |
---------------+----------------------------------------------+-----
Summonings     | 5 6 7 8 9 10 11 12 13 | 13.2
Spellcasting   | 4 5 6 7 9 11 12 13 15 16 17 | 17.1
Fighting       | 1 2 3 4 5 6 7 8 9 |  9.3
Dodging        | 3 5 7 8 9 |  9.9
Ice Magic      | 1 2 3 5 6 7 8 9 |  9.6
Armour         | 1 2 3 |  3.4
Short Blades   | 1 2 3 |  3.2
Stealth        | 3 4 |  4.4
Conjurations   | 2 5 7 8 10 | 10.7
Air Magic      | 1 3 4 |  4.4
Long Blades    | 1 2 |  2.1
Shields        | 1 |  1.2
Evocations     | |  0.8

Action                   |  1- 3 |  4- 6 |  7- 9 | 10-12 | 13-15 || total
-------------------------+-------+-------+-------+-------+-------++-------
Melee: Dagger            |    42 |    39 |    92 |   153 |    80 ||   406
       Scimitar          |       |       |       |       |    37 ||    37
       Great sword       |       |       |       |       |    15 ||    15
Throw: Throwing net      |       |       |       |     1 |       ||     1
 Cast: Summon Small Mamm |    80 |    44 |    53 |    24 |       ||   201
       Call Imp          |     9 |    34 |    24 |    13 |       ||    80
       Call Canine Famil |     4 |    22 |    38 |    80 |    38 ||   182
       Summon Ice Beast  |       |       |    40 |   107 |    89 ||   236
       Freeze            |       |       |    18 |     5 |       ||    23
       Summon Lightning  |       |       |     1 |    46 |    19 ||    66
       Throw Frost       |       |       |       |     7 |       ||     7
       Lightning Bolt    |       |       |       |    51 |     5 ||    56
       Throw Icicle      |       |       |       |    59 |   153 ||   212
       Freezing Cloud    |       |       |       |    11 |    86 ||    97
       Ozocubu's Refrige |       |       |       |       |     4 ||     4
Evoke: Wand              |       |       |       |     8 |     1 ||     9
       Lamp of fire      |       |       |       |     1 |     1 ||     2
       Phial of floods   |       |       |       |       |     1 ||     1
  Use: Scroll            |       |     1 |    10 |    30 |    12 ||    53
       Potion            |       |       |       |    12 |     3 ||    15
 Stab: Distracted        |     2 |       |     1 |     4 |     2 ||     9
       Sleeping          |     1 |       |     2 |     1 |     1 ||     5
       Paralysed         |       |       |       |     1 |       ||     1
  Eat: Chunk             |     4 |     7 |    14 |    25 |    18 ||    68
       Ration            |       |     1 |       |     2 |     4 ||     7
Armor: Robe              |    16 |     2 |       |       |       ||    18
       Leather armour    |       |    20 |    16 |    62 |    60 ||   158
       Troll leather arm |       |       |    18 |    25 |       ||    43
       Scale mail        |       |       |     4 |       |       ||     4
Dodge: Dodged            |    42 |    54 |    59 |   217 |   185 ||   557
Block: Other             |       |       |    29 |    62 |    50 ||   141
       Reflection        |       |       |     1 |     4 |     9 ||    14
       Rpst.: Scimitar   |       |       |       |       |    13 ||    13
       Great sword       |       |       |       |       |     5 ||     5
